 Dungeon Crawl Stone Soup version 0.30.0-30-g96aa6591b8 (webtiles) character file.

Game seed: 15386537440538874483

3003 croobank the Sneak (level 9, -2/55 HPs)
             Began as an Octopode Fire Elementalist on June 26, 2023.
             Was a Believer of Hepliaklqana.
             Slain by a yak (13 damage)
             ... on level 8 of the Dungeon.
             The game lasted 00:23:56 (8222 turns).

croobank the Sneak (Octopode Fire Elementalist)     Turns: 8222, Time: 00:23:56

Health: -2/55      AC:  1    Str:  8    XL:     9   Next: 84%
Magic:  16/16      EV: 21    Int: 21    God:    Hepliaklqana [**....]
Gold:   439        SH:  0    Dex: 18    Spells: 7/17 levels left

rFire   . . .        i - +5 flail (holy)
rCold   . . .        (no shield)
rNeg    . . .        (helmet restricted)
rPois   .            I - amulet of faith
rElec   .            f - +6 ring of dexterity
rCorr   .            G - +5 ring of evasion
SInv    .            (no ring)
Will    .....        (no ring)
Stlth   +++++        (no ring)
HPRegen 0.29/turn    (no ring)
MPRegen 0.15/turn    (no ring)
                     (no ring)

%: faith
@: about to teleport
A: reduced essence, almost no armour, amphibious, 8 rings, camouflage 1,
gelatinous body 1, (nimble swimmer 1), tentacles
a: Renounce Religion, Recall Ancestor, Ancestor Identity


You were on level 8 of the Dungeon.
You worshipped Hepliaklqana.
Hepliaklqana was pleased with you.
You visited 2 branches of the dungeon, and saw 9 of its levels.

You collected 439 gold pieces.

Inventory:

Hand Weapons
 a - a +0 dagger of flaming
 b - a +0 sling
 c - a +0 short sword
 d - a +0 war axe
 i - a +5 flail of holy wrath (weapon)
 m - a +0 morningstar
 t - a +0 trident
 C - a +0 shortbow of electrocution
 D - a +0 long sword
 E - a +0 spear of flaming
 H - a +0 arbalest of flaming
Missiles
 r - 13 poisoned darts
Armour
 v - an orb of energy
Jewellery
 f - a +6 ring of dexterity (left tentacle)
 G - a +5 ring of evasion (right tentacle)
 I - an amulet of faith (around mantle)
Wands
 p - a wand of quicksilver (17)
 x - a wand of flame (45)
Scrolls
 e - 3 scrolls of vulnerability
 j - a scroll of poison
 n - a scroll of amnesia
 q - 3 scrolls of immolation
 z - a scroll of teleportation
Potions
 h - a potion of curing
 k - 2 potions of magic
 l - 2 potions of flight
 o - 2 potions of lignification
 w - a potion of mutation
 B - a potion of haste {unknown}
 F - a potion of cancellation {unknown}


   Skills:
 * Level 6.1 Fighting
 + Level 5.1 Dodging
 + Level 7.3 Stealth
 + Level 4.9 Spellcasting
 + Level 4.8 Conjurations
 + Level 0.9 Hexes
 + Level 5.6 Fire Magic
 + Level 4.4 Invocations


You had 7 spell levels left.
You knew the following spells:

 Your Spells              Type           Power      Damage    Failure   Level
a - Foxfire               Conj/Fire      100%       2x1d9     1%          1
b - Scorch                Fire           58%        2d7       1%          2
c - Flame Wave            Conj/Fire      27%        2d9       12%         4
d - Inner Flame           Hex/Fire       19%        N/A       9%          3

Your spell library contained the following spells:

 Spells                   Type           Power      Damage    Failure   Level
 Necrotise                Necr           20%        1d5       11%         1
 Volatile Blastmotes      Fire/Tloc      34%        2d12      11%         3
 Gell's Gravitas          Tloc           5%         N/A       32%         3
 Teleport Other           Tloc           5%         N/A       32%         3
 Vampiric Draining        Necr           5%         2d6       32%         3
 Vhi's Electric Charge    Tloc/Air       10%        N/A       32%         3
 Fulminant Prism          Conj/Hex       8%         3d7       32%         4
 Iskenderun's Mystic Bla  Conj/Tloc      15%        2d5       38%         4
 Cause Fear               Hex            4%         N/A       58%         4
 Arcjolt                  Conj/Air       7%         1d17      75%         5
 Agony                    Necr           5%         N/A       97%         5
 Lee's Rapid Deconstruct  Erth           2%         3d5*      97%         5
 Dispersal                Tloc           2%         N/A       100%        6
 Dragon Form              Tmut           2%         N/A       100%        7
 Maxwell's Capacitive Co  Air            2%         ∞         100%        8
 Dragon's Call            Summ           2%         N/A       100%        9


Dungeon Overview and Level Annotations

Branches:
Dungeon (8/15)             Temple (1/1) D:4
   Lair: D:8-11

Altars:
Ashenzari
Cheibriados
Dithmenos
Elyvilon
Fedhas
Gozag
Hepliaklqana
Kikubaaqudgha
Nemelex Xobeh
Okawaru
Ru
Sif Muna
Trog
Vehumet
Wu Jian
Xom
Yredelemnul
Zin
The Shining One

Shops:
D:7 :

Annotations:
D:3 exclusion: statue
D:7 1 runed translucent door, safid's ghost, novice MfIE


Innate Abilities, Weirdness & Mutations

Your life essence is reduced to manifest your ancestor. (-10% HP)
You cannot wear most types of armour.
You are amphibious.
You can wear up to eight rings at the same time.
Your skin changes colour to match your surroundings (Stealth+).
Your rubbery body absorbs attacks. (AC +1, EV +1)
((You are camouflaged when in or above water. (Stealth+)))
You have tentacles for arms and can constrict up to eight enemies at once.


Message History

Okay, then.
You swap places.
The yak barely misses you.
Your +0 shortbow of electrocution stops crackling.
Your +5 flail of holy wrath softly glows with a divine radiance!
i - a +5 flail of holy wrath (weapon)
The yak bellows!
You barely miss the yak.
The yak bellows!
You squeeze the yak!
The yak is moderately wounded.
The yak closely misses you.
You hit the yak but do no damage.
The yak is moderately wounded.
Cenhelm gestures at the yak while chanting.
The puff of frost hits the yak!
The yak gores you. The yak closely misses you.
Cenhelm casts a spell at the yak.
The puff of frost hits the yak!
The yak completely misses you. The yak gores you!
You hit the yak.
The yak is severely wounded.
The yak gores Cenhelm.
The yak gores you. The yak attacks as you move away!
The yak closely misses you. The yak attacks as you move away!
The yak gores you!
Cenhelm hits the yak with a +0 quarterstaff!
The yak gores Cenhelm. x2
The yak attacks as you move away! The yak gores you!
* * * LOW HITPOINT WARNING * * *
Cenhelm hits the yak with a +0 quarterstaff!!
The yak gores Cenhelm!
The yak gores Cenhelm.
You hit the yak but do no damage. You squeeze the yak, but do no damage.
The yak is severely wounded.
Cenhelm barely misses the yak.
The yak completely misses you.
The yak gores Cenhelm!
Cenhelm is destroyed!
The yak closely misses you.
As you read the scroll of teleportation, it crumbles to dust.
You feel strangely unstable. The yak misses you. The yak closely misses you.
The yak gores you!
You die...

#.## #####......
##..# ##.........<
#.#.## #........#..
#....# #..........#
##....#
#........###
#.....###........#
#......##........#
##......##........#
#...@...#......[..#
#....YY...#.......#
#..YY...###.......#
#......## #>.....##
.#.....## ##.....#
#.........# #.....#
###....#..##
#.....# ##..###..##
###..## #..# #...#
####


You could see 4 yaks.

Vanquished Creatures
  Sigmund (D:6)
  A yak (D:8)
  A steam dragon (D:6)
  An orc warrior (D:6)
  3 ice beasts (D:6)
  A centaur (D:8)
  2 ogres
  A phantom (D:5)
  3 scorpions
  3 wights
  2 howler monkeys
  A hound (D:5)
  3 jellies
  Terence (D:2)
  4 iguanas
  A sleepcap (D:7)
  4 orc wizards
  9 adders
  A shadow imp (D:5)
  A white imp (D:6)
  An ufetubus (D:5)
  2 worms (D:3)
  5 dart slugs
  15 orcs
  9 ball pythons
  9 bats
  8 endoplasms
  10 giant cockroaches
  8 goblins
  7 hobgoblins
  2 jackals (D:4)
  6 quokkas
  5 frilled lizards
  2 hobgoblin zombies (D:7)
  8 kobolds
  A kobold skeleton (D:7)
  An orc skeleton (D:7)
  An orc zombie (D:7)
  6 rats
150 creatures vanquished.

Vanquished Creatures (collateral kills)
  A yak (D:8)
  A water moccasin (D:8)
  A black bear (D:5)
  A kobold brigand (D:8)
  2 bullfrogs
  A scorpion (D:5)
  2 wights (D:7)
  A howler monkey (D:7)
  A crimson imp (D:7)
  A hound (D:6)
  An orc priest (D:5)
  An orc wizard (D:5)
  A sleepcap (D:7)
  A shadow imp (D:6)
  An ufetubus (D:6)
  4 orcs
  2 kobolds (D:8)
  A hobgoblin zombie (D:7)
  A kobold skeleton (D:7)
  An orc skeleton (D:7)
26 creatures vanquished.

Vanquished Creatures (others)
  4 battlemagi
  2 ancestors (D:6)
  An orc (D:6)
  110 foxfires
117 creatures vanquished.

Grand Total: 293 creatures vanquished

Notes
Turn   | Place    | Note
-------+----------+-------------------------------------------
     0 | D:1      | croobank the Octopode Fire Elementalist began the quest for
                  | the Orb.
     0 | D:1      | Reached XP level 1. HP: 11/11 MP: 3/3
   162 | D:1      | Reached XP level 2. HP: 13/17 MP: 5/5
   167 | D:1      | Learned a level 2 spell: Scorch
   200 | D:1      | Reached skill level 3 in Stealth
   701 | D:1      | Reached XP level 3. HP: 21/21 MP: 6/6
  1482 | D:2      | Reached XP level 4. HP: 23/27 MP: 4/7
  1563 | D:2      | Noticed Terence
  1568 | D:2      | Killed Terence
  2261 | D:3      | Found a radiant altar of Vehumet.
  2261 | D:3      | Noticed a frost-covered statue
  2376 | D:3      | Reached XP level 5. HP: 26/31 MP: 6/9
  2381 | D:3      | Learned a level 4 spell: Flame Wave
  2823 | D:3      | Reached skill level 4 in Stealth
  3197 | D:4      | Found a staircase to the Ecumenical Temple.
  3228 | Temple   | Entered the Ecumenical Temple
  3357 | Temple   | Became a worshipper of Hepliaklqana the Forgotten
  3390 | D:4      | Noticed an ogre
  3401 | D:4      | Killed an ogre
  3402 | D:4      | Reached skill level 1 in Fighting
  3402 | D:4      | Reached XP level 6. HP: 38/38 MP: 1/10
  3571 | D:4      | Reached skill level 1 in Invocations
  3862 | D:4      | Reached XP level 7. HP: 21/45 MP: 1/11
  4086 | D:5      | Entered Level 5 of the Dungeon
  4182 | D:5      | Reached skill level 5 in Stealth
  4814 | D:5      | Reached * piety under Hepliaklqana
  5087 | D:5      | Reached XP level 8. HP: 46/46 MP: 13/13
  5770 | D:6      | Reached skill level 6 in Stealth
  5950 | D:6      | Reached skill level 5 in Fire Magic
  6107 | D:6      | Noticed Sigmund
  6109 | D:6      | Reached XP level 9. HP: 54/54 MP: 6/15
  6112 | D:6      | Killed Sigmund
  6113 | D:6      | Reached skill level 5 in Fighting
  6113 | D:6      | Reached ** piety under Hepliaklqana
  6117 | D:6      | Remembered your ancestor Cenhelm as a battlemage
  6370 | D:6      | Learned a level 3 spell: Inner Flame
  6810 | D:7      | Found Joomab's Vocational Training.
  6924 | D:7      | Found an ornate altar of the Wu Jian Council.
  6987 | D:7      | Found a glowing golden altar of the Shining One.
  7174 | D:7      | Found a runed translucent door.
  7174 | D:7      | Found a shimmering altar of Xom.
  7174 | D:7      | Noticed safid's ghost (novice MfIE)
  7174 | D:7      | Noticed a +1 spear of chaos
  7213 | D:7      | Reached skill level 7 in Stealth
  7985 | D:8      | Reached skill level 5 in Dodging
  8222 | D:8      | Slain by a yak

Illustrated notes

Levels and vault maps discovered:
D:1:      sevenhm_arrival_forest_fort_large_2, layout_basic
D:2:      layout_basic, uniq_terence
D:3:      minmay_roachtagon, layout_rooms, vehumet_statue
D:4:      layout_rooms, minmay_temple_entry_large_hall
D:5:      kb_forest_paths, layout_loops_ring
D:6:      layout_basic, uniq_sigmund
D:7:      layout_rooms, nicolae_tso_besieged_by_evil,
          nicolae_wu_jian_glorious_leap, ebering_ghost_xom,
          nicolae_shop_vocational
D:8:      layout_cave_pods, lemuel_coloured_pillars_altar, enter_bailey_5,
          solitary_fountain
Temple:   nicolae_temple_elliptical

Skill      XL: |  1  2  3  4  5  6  7  8  9 |
---------------+----------------------------+-----
Stealth        | 3 4 5 6 7 |  7.3
Conjurations   | 2 3 4 |  4.8
Dodging        | 3 4 5 |  5.1
Fighting       | 1 2 3 4 6 |  6.1
Spellcasting   | 3 4 |  4.9
Invocations    | 1 2 3 4 |  4.4
Fire Magic     | 4 5 |  5.6
Hexes          | |  0.9

Action                     |  1- 3 |  4- 6 |  7- 9 || total
---------------------------+-------+-------+-------++-------
  Melee: Dagger            |    59 |    61 |     7 ||   127
         Constrict         |    16 |    15 |     2 ||    33
         Tentacles         |    10 |    16 |     5 ||    31
         Unarmed           |     1 |       |       ||     1
         Flail             |       |       |    13 ||    13
   Fire: Shortbow          |       |       |   105 ||   105
   Cast: Foxfire           |    14 |    40 |     8 ||    62
         Scorch            |     5 |    30 |    61 ||    96
         Flame Wave        |       |       |     1 ||     1
 Invoke: Ancestor Life: Ba |       |       |     1 ||     1
    Use: Scroll            |       |     4 |    17 ||    21
         Potion            |       |     4 |     5 ||     9
   Stab: Sleeping          |    18 |     6 |     2 ||    26
         Distracted        |     1 |       |       ||     1
 Armour: Skin              |     8 |     6 |     1 ||    15
  Dodge: Dodged            |    39 |    43 |    60 ||   142
